 Dungeon Crawl Stone Soup version 0.23.2-1-ga50397a (webtiles) character file.

Game seed: 14682243818080152619

200 Iscandelvey the Bolt Thrower (level 5, -2/38 HPs)
             Began as a Demonspawn Arcane Marksman on May 2, 2019.
             Hit by a tomahawk thrown by an orc (7 damage)
             ... on level 4 of the Dungeon.
             The game lasted 00:01:29 (2052 turns).

Iscandelvey the Bolt Thrower (DsAM)                 Turns: 2052, Time: 00:01:29

Health: -2/38      AC:  2    Str: 11    XL:     5   Next: 49%
Magic:  0/6        EV: 12    Int: 15    God:
Gold:   137        SH:  0    Dex: 13    Spells: 5/6 levels left

rFire    . . .     SeeInvis .   a - +0 hand crossbow
rCold    . . .     Gourm    .   (no shield)
rNeg     . . .     Faith    .   e - +0 robe
rPois    .         Spirit   +   (no helmet)
rElec    .         Reflect  .   (no cloak)
rCorr    .         Harm     .   (no gloves)
MR       .....                  (no boots)
Stlth    +.........             (no amulet)
HPRegen  0.12/turn              (no ring)
MPRegen  0.10/turn              (no ring)

@: no status effects
A: hooves 1, spiny 1, magic shield
a: no special abilities


You were on level 4 of the Dungeon.
You were hungry.

You visited 1 branch of the dungeon, and saw 4 of its levels.

You collected 137 gold pieces.

Inventory:

Hand Weapons
 a - a +0 hand crossbow (weapon)
Missiles
 d - 32 bolts (quivered)
Armour
 e - a +0 robe (worn)
Jewellery
 k - an uncursed amulet of magic regeneration {unknown}
 m - an uncursed ring of protection from cold {unknown}
 n - an uncursed ring of stealth {unknown}
Scrolls
 c - 2 scrolls of remove curse {unknown}
 h - 4 scrolls of identify {unknown}
 i - a scroll of enchant armour {unknown}
 j - a scroll of amnesia {unknown}
 o - a scroll of random uselessness {unknown}
 p - a scroll of enchant weapon {unknown}
 q - a scroll of teleportation {unknown}
 s - a scroll of immolation {unknown}
 t - a scroll of fog {unknown}
Potions
 b - a potion of might {unknown}
 g - a potion of curing {unknown}
 l - a potion of agility {unknown}
 r - a potion of brilliance {unknown}
Comestibles
 f - 8 rations


   Skills:
 + Level 2.1 Fighting
 + Level 4.1 Crossbows
 + Level 2.3 Dodging
 + Level 0.9 Stealth
 + Level 1.0 Spellcasting
 + Level 3.5 Hexes


You had 5 spell levels left.
You knew the following spells:

 Your Spells              Type           Power        Failure   Level  Hunger
a - Corona                Hex            ##.....      5%          1    ##.....

Your spell library contained the following spells:

 Spells                   Type           Power        Failure   Level  Hunger
 Slow                     Hex            ##......     9%          2    ###....
 Inner Flame              Hex/Fire       #.......     34%         3    ####...
 Portal Projectile        Hex/Tloc       #.....       34%         3    ####...
 Cause Fear               Hex            ##........   50%         4    #####..
 Leda's Liquefaction      Hex/Erth       #.........   75%         4    #####..


Dungeon Overview and Level Annotations

Branches:
Dungeon (4/15)
 Temple: D:4-7

Altars:


Innate Abilities, Weirdness & Mutations

You have large cloven feet.
You are partially covered in sharp spines.
When hurt, damage is shared between your health and your magic reserves.


Message History

Aim: an orc, wielding a +0 trident (almost dead)
You shoot a bolt. The bolt hits the orc!
You kill the orc!
The orc priest hits you from afar with a +0 trident.
* * * LOW HITPOINT WARNING * * *
Firing (i - inventory)
d - 34 bolts (quivered)
Press: ? - help, Shift-Dir - straight line, f - orc priest
Aim: an orc priest, wielding a +0 trident and wearing a +0 chain mail You shoot a bolt.
The bolt barely misses the orc priest.
The orc priest barely misses you.
An orc comes into view. It is wielding a +0 short sword.
Firing (i - inventory)
d - 33 bolts (quivered)
Press: ? - help, Shift-Dir - straight line, f/p - orc priest
Aim: an orc priest, wielding a +0 trident and wearing a +0 chain mail You shoot a bolt.
The bolt hits the orc priest.
The orc priest is moderately wounded.
The orc priest hits you from afar with a +0 trident.
* * * LOW HITPOINT WARNING * * *
The orc throws a tomahawk.
The tomahawk hits you!
You die...

# ######.###
...oo...#
#.()..# #@#
#.# #.# #.#
#.# #.###
#.# #...#
#.# ###.#
#.# #.# #.#
##.###.#
#####...##.#


You could see an orc priest and an orc.

Vanquished Creatures
  Jessica (D:2)
  Natasha (twice) (D:2)
  5 adders
  2 worms (D:2)
  2 dart slugs (D:1)
  3 leopard geckos
  4 orcs (D:4)
  A ball python (D:1)
  5 giant cockroaches
  3 goblins (D:1)
  5 hobgoblins
  3 quokkas
  4 bats
  8 frilled lizards
  11 kobolds
  8 rats
67 creatures vanquished.

Notes
Turn   | Place    | Note
-------+----------+-------------------------------------------
     0 | D:1      | Iscandelvey the Demonspawn Arcane Marksman began the quest
                  | for the Orb.
     0 | D:1      | Reached XP level 1. HP: 15/15 MP: 2/2
    89 | D:1      | Gained mutation: You are partially covered in sharp spines.
                  | [demonic ancestry]
    89 | D:1      | Reached XP level 2. HP: 16/21 MP: 3/3
   170 | D:1      | Reached skill level 2 in Crossbows
   668 | D:2      | Gained mutation: When hurt, damage is shared between your
                  | health and your magic reserves. [demonic ancestry]
   668 | D:2      | Reached XP level 3. HP: 26/26 MP: 4/4
   673 | D:2      | Noticed Natasha
   678 | D:2      | Killed Natasha
   811 | D:2      | Reached skill level 3 in Crossbows
   811 | D:2      | Reached XP level 4. HP: 30/33 MP: 5/5
  1220 | D:2      | Noticed Jessica
  1225 | D:2      | Killed Jessica
  1302 | D:2      | Noticed Natasha
  1308 | D:2      | Killed Natasha
  1308 | D:2      | Gained mutation: You have large cloven feet. [demonic
                  | ancestry]
  1308 | D:2      | Reached XP level 5. HP: 22/38 MP: 4/6
  1724 | D:3      | Reached skill level 4 in Crossbows
  2052 | D:4      | Hit by a tomahawk thrown by an orc

Skill      XL: |  1  2  3  4  5 |
---------------+----------------+-----
Dodging        | 2 |  2.3
Crossbows      | 2 3 4 |  4.1
Fighting       | 2 |  2.1
Stealth        | |  0.9
Spellcasting   | |  1.0
Hexes          | |  3.5

Action                   |  1- 3 |  4- 6 || total
-------------------------+-------+-------++-------
 Fire: Hand crossbow     |    69 |    94 ||   163
  Eat: Chunk             |       |     3 ||     3
Armor: Robe              |     1 |     5 ||     6
Dodge: Dodged            |     6 |    30 ||    36
